Map: Abyssal Reef LE

Players

vvaldo - Winner!

  • Race: Protoss Protoss
  • League: Gold
  • Spawn Location: 5:00

Juxtapose

  • Race: Protoss Protoss
  • League: Gold
  • Spawn Location: 11:00

VOD

https://youtu.be/1iJwpQ5wSp4

Description

I was getting pretty confident in my Protoss vs Protoss match up, but I shouldn't have engaged in this counter attack and instead should have focused more on macro.

Time

  • Played on: Nov. 26, 2017, 2:05 p.m.
  • Length: 7:39
Show
View Real Time Build Order
Export as new Build Order

vvaldo Protoss - Winner!

Build Orders:  

Get SALT Encoding   

  12  0:03  Probe  
  13  0:15  Probe  
  14  0:26  Pylon  
  14  0:28  Probe  
  15  0:44  Probe (Chrono Boost)  
  16  0:53  Gateway  
  16  0:54  Probe (Chrono Boost)  
  17  0:58  Probe  
  18  1:04  Assimilator  
  18  1:10  Probe  
  19  1:22  Probe  
  20  1:34  Probe  
  21  1:41  Cybernetics Core  
  21  1:43  Pylon  
  21  2:06  Nexus  
  21  2:13  Gateway  
  21  2:16  Gateway  
  21  2:19  Warp Gate (Chrono Boost)  
  21  2:45  Pylon  
  21  2:52  Stalker  
  21  2:57  Probe  
  24  3:03  Stalker  
  24  3:04  Stalker  
  28  3:10  Shield Battery  
  28  3:15  Probe  
  28  3:18  Probe  
  30  3:27  Probe  
  30  3:30  Probe, Assimilator  
  32  3:39  Probe  
  33  3:42  Probe  
  34  3:51  Probe  
  34  3:52  Stalker x2  
  34  3:54  Probe  
  40  4:00  Stalker  
  42  4:04  Probe  
  43  4:25  Stalker  
  43  4:26  Stalker  
  47  4:34  Stalker  
  49  4:44  Pylon  
  47  5:06  Probe x2  
  49  5:12  Pylon  
  49  5:14  Pylon  
  49  5:18  Probe x2  
  49  5:19  Pylon  
  51  5:24  Forge  
  51  5:27  Robotics Facility  
  51  5:29  Pylon  
  51  5:30  Probe x2  
  51  5:32  Assimilator  
  53  5:36  Assimilator  
  53  5:42  Stalker x2, Probe  
  56  5:43  Stalker, Probe  
  61  5:50  Shield Battery  
  61  5:54  Probe  
  61  5:55  Probe  
  63  6:01  Gateway  
  63  6:04  Gateway  
  63  6:06  Photon Cannon  
  63  6:09  Photon Cannon  
  63  6:12  Stalker  
  63  6:16  Immortal (Chrono Boost)  
  69  6:19  Stalker  
  69  6:20  Stalker  
  73  6:28  Pylon  
  67  6:49  Pylon  
  67  6:53  Stalker  
  67  6:54  Stalker x2  
  71  6:56  Immortal (Chrono Boost)  
Show
View Real Time Build Order
Export as new Build Order

Juxtapose Protoss 

Build Orders:  

Get SALT Encoding   

  12  0:01  Probe (Chrono Boost)  
  13  0:13  Probe (Chrono Boost)  
  14  0:18  Probe  
  15  0:25  Pylon  
  15  0:43  Probe  
  15  0:48  Gateway  
  16  0:55  Probe, Assimilator  
  17  1:09  Pylon  
  17  1:24  Probe  
  18  1:36  Zealot, Probe  
  21  1:44  Cybernetics Core  
  21  1:48  Assimilator  
  21  1:49  Probe  
  22  1:55  Pylon  
  22  2:01  Probe  
  23  2:21  Gateway x2  
  23  2:24  Warp Gate (Chrono Boost)  
  23  2:30  Sentry  
  25  2:38  Pylon  
  25  2:50  Shield Battery  
  25  2:59  Stalker  
  25  3:05  Forge  
  27  3:10  Stalker  
  29  3:25  Stalker  
  31  3:30  Probe  
  32  3:37  Stalker  
  32  3:39  Protoss Ground Weapons Level 1 (Chrono Boost)  
  34  3:45  Twilight Council  
  34  3:55  Stalker  
  36  4:04  Stalker  
  38  4:13  Photon Cannon  
  38  4:47  Stalker x2  
  42  4:57  Stalker  
  44  5:03  Protoss Ground Armor Level 1  
  44  5:17  Stalker  
  46  5:34  Nexus  
  46  5:45  Pylon  
  46  5:46  Robotics Facility  
  46  5:59  Pylon  
  46  6:02  Pylon  
  46  6:13  Stalker  
  28  6:51  Immortal (Chrono Boost)  
  30  6:58  Photon Cannon  
  31  7:02  Probe (Chrono Boost)  
  32  7:09  Probe (Chrono Boost)  
  32  7:13  Probe (Chrono Boost)  
  33  7:21  Probe  
  34  7:27  Shield Battery  
Tags
 
League
GoldGold
Matchup
PvP
Spawn Locations
Cross Positions
Add a new tag
Caveats
  • Supply blocks, unpowered buildings, or Contaminate may cause inaccurate times.
  • Supply counts are checked every 10 seconds.